TOP OF THE 1ST |
Mississippi Rebels batting - Pitching for Iowa State Cyclones : RHP Eric Murphy
|
Pitching: RHP Eric Murphy
|
|
Batting: RHB Rafael Gonzáles
|
0-0: Ball 1-0: Called Strike 1-1: Swinging Strike 1-2: Ball 2-2: Foul Ball, location: 2F 2-2: SINGLE (Line Drive, 8RS)
|
Batting: LHB Ryan Miller
|
0-0: Ball 1-0: Called Strike Throwing error on steal attempt, E2 Rafael Gonzáles to third 1-1: Foul Ball, location: 2F 1-2: Ground out 5-3 (Groundball, 56) Rafael Gonzáles scores
|
Batting: RHB Lou Hammond
|
0-0: Ball 1-0: Ball 2-0: Called Strike 2-1: Foul Ball, location: 2F 2-2: Ball 3-2: Fly out, F8 (Flyball, 8RM)
|
Batting: RHB Jason McIntosh
|
0-0: Called Strike 0-1: Ball 1-1: Foul Ball, location: 2F 1-2: Ball 2-2: Strikes out swinging
|
Top of the 1st over - 1 run(s), 1 hit(s), 1 error(s), 0 left on base; Mississippi 1 - Iowa State 0 |
BOTTOM OF THE 1ST |
Iowa State Cyclones batting - Pitching for Mississippi Rebels : LHP Juan Méndez
|
Pitching: LHP Juan Méndez
|
|
Batting: RHB Shane Marshall
|
0-0: Ball 1-0: Ball 2-0: SINGLE (Groundball, 56D)
|
Batting: RHB Robert Snyder
|
0-0: Ball 1-0: Fly out, F9 (Flyball, 9S)
|
Batting: LHB Mike O'Bryan
|
0-0: Ball 1-0: Swinging Strike 1-1: Ball 2-1: Swinging Strike 2-2: Strikes out swinging
|
Batting: LHB Ángel Pérez
|
0-0: Ball 1-0: SINGLE (Popup, 3D) Shane Marshall to second Throwing error, E4 Shane Marshall scores Ángel Pérez to second
|
Batting: RHB Paco Camacho
|
0-0: Foul Ball, location: 2F 0-1: SINGLE (Groundball, 56S) (infield hit) Ángel Pérez to third
|
Batting: RHB Paul Teague
|
0-0: Ball 1-0: Called Strike 1-1: Ball 2-1: Ball 3-1: Base on Balls Paco Camacho to second
|
Batting: RHB José Acuña
|
0-0: SINGLE (Groundball, 4D) Ángel Pérez scores Paco Camacho to third Paul Teague to second Runner from 3rd tries for Home, SAFE, no throw
|
Batting: RHB Russell Cook
|
0-0: Ball 1-0: Called Strike 1-1: Foul Ball, location: 2F 1-2: Strikes out swinging
|
Bottom of the 1st over - 3 run(s), 4 hit(s), 1 error(s), 2 left on base; Mississippi 1 - Iowa State 3 |
TOP OF THE 2ND |
Mississippi Rebels batting - Pitching for Iowa State Cyclones : RHP Eric Murphy
|
Batting: RHB Simon Lee
|
0-0: Swinging Strike 0-1: Ball 1-1: Foul Ball, location: 2F 1-2: SINGLE (Line Drive, 4M)
|
Batting: RHB John Eaves
|
0-0: Ball 1-0: Fly out, F9 (Flyball, 9LSF)
|
Batting: RHB Warren Owens
|
0-0: SINGLE (Flyball, 7S) Simon Lee to second
|
Batting: RHB Owen Parra
|
0-0: Foul Ball, location: 2F 0-1: Foul Ball, location: 2F 0-2: Ball 1-2: Ball 2-2: Foul Ball, location: 2F 2-2: Foul Ball, location: 2F 2-2: Fly out, F5 (Popup, 5D)
|
Batting: SHB Jack Hendrix
|
0-0: Called Strike 0-1: Fly out, F8 (Flyball, 8RM)
|
Top of the 2nd over - 0 run(s), 2 hit(s), 0 error(s), 2 left on base; Mississippi 1 - Iowa State 3 |
BOTTOM OF THE 2ND |
Iowa State Cyclones batting - Pitching for Mississippi Rebels : LHP Juan Méndez
|
Batting: SHB Dan Stone
|
0-0: Called Strike 0-1: Ball 1-1: Ground out 3-1 (Groundball, 34)
|
Batting: RHB Shane Marshall
|
0-0: Ball 1-0: SINGLE (Line Drive, 8RS)
|
Batting: RHB Robert Snyder
|
0-0: Ball 1-0: Swinging Strike 1-1: Swinging Strike 1-2: SINGLE (Flyball, 8RS) Shane Marshall to second Shane Marshall to third
|
Batting: LHB Mike O'Bryan
|
0-0: Fly out, F7 (Flyball, 7S)
|
Batting: LHB Ángel Pérez
|
0-0: Ball 1-0: Foul Ball, location: 2F 1-1: Foul Ball, location: 2F 1-2: Strikes out looking
|
Bottom of the 2nd over - 0 run(s), 2 hit(s), 0 error(s), 2 left on base; Mississippi 1 - Iowa State 3 |
TOP OF THE 3RD |
Mississippi Rebels batting - Pitching for Iowa State Cyclones : RHP Eric Murphy
|
Batting: RHB Rafael Gonzáles
|
0-0: Foul Ball, location: 2F 0-1: Called Strike 0-2: Strikes out swinging
|
Batting: LHB Ryan Miller
|
0-0: Called Strike 0-1: Swinging Strike 0-2: Foul Ball, location: 2F 0-2: Fly out, F7 (Flyball, 7S)
|
Batting: RHB Lou Hammond
|
0-0: Called Strike 0-1: Ball 1-1: Ball 2-1: Called Strike 2-2: Strikes out swinging
|
Top of the 3rd over - 0 run(s), 0 hit(s), 0 error(s), 0 left on base; Mississippi 1 - Iowa State 3 |
BOTTOM OF THE 3RD |
Iowa State Cyclones batting - Pitching for Mississippi Rebels : LHP Juan Méndez
|
Batting: RHB Paco Camacho
|
0-0: Fly out, F9 (Flyball, 9)
|
Batting: RHB Paul Teague
|
0-0: Called Strike 0-1: Ball 1-1: Ball 2-1: Foul Ball, location: 2F 2-2: Ground out 5-3 (Groundball, 56)
|
Batting: RHB José Acuña
|
0-0: Ball 1-0: Called Strike 1-1: Ground out 6-3 (Groundball, 6)
|
Bottom of the 3rd over - 0 run(s), 0 hit(s), 0 error(s), 0 left on base; Mississippi 1 - Iowa State 3 |
TOP OF THE 4TH |
Mississippi Rebels batting - Pitching for Iowa State Cyclones : RHP Eric Murphy
|
Batting: RHB Jason McIntosh
|
0-0: Ball 1-0: Called Strike 1-1: Called Strike 1-2: Foul Ball, location: 2F 1-2: Strikes out swinging
|
Batting: RHB Simon Lee
|
0-0: Ball 1-0: Foul Ball, location: 2F 1-1: Foul Ball, location: 2F 1-2: Ball 2-2: Ball 3-2: Strikes out swinging
|
Batting: RHB John Eaves
|
0-0: Called Strike 0-1: Ball 1-1: Foul Ball, location: 2F 1-2: Foul Ball, location: 2F 1-2: Ball 2-2: Ball 3-2: Strikes out swinging
|
Top of the 4th over - 0 run(s), 0 hit(s), 0 error(s), 0 left on base; Mississippi 1 - Iowa State 3 |
BOTTOM OF THE 4TH |
Iowa State Cyclones batting - Pitching for Mississippi Rebels : LHP Juan Méndez
|
Batting: RHB Russell Cook
|
0-0: Ball 1-0: Called Strike 1-1: Ball 2-1: Foul Ball, location: 2F 2-2: Foul Ball, location: 2F 2-2: Ball 3-2: Foul Ball, location: 2F 3-2: SINGLE (Line Drive, 7S)
|
Batting: SHB Dan Stone
|
0-0: Called Strike 0-1: Ball 1-1: Foul Ball, location: 2F 1-2: Fly out, F8 (Flyball, 8RM)
|
Batting: RHB Shane Marshall
|
0-0: Ball 1-0: Ball 2-0: Ball 3-0: Called Strike 3-1: Base on Balls Russell Cook to second
|
Batting: RHB Robert Snyder
|
0-0: Called Strike 0-1: Fielders Choice at 2nd, 3-6 (Groundball, 3D) Russell Cook to third
|
Batting: LHB Mike O'Bryan
|
0-0: Ball 1-0: SINGLE (Line Drive, 8LS) Russell Cook scores Robert Snyder to second
|
Batting: LHB Ángel Pérez
|
0-0: SINGLE (Flyball, 8LM) Robert Snyder to third Mike O'Bryan to second Runner from 3rd tries for Home, SAFE, no throw
|
Batting: RHB Paco Camacho
|
0-0: Ball 1-0: SINGLE (Line Drive, 78S) Mike O'Bryan to third Ángel Pérez to second Runner from 3rd tries for Home, SAFE, no throw
|
Batting: RHB Paul Teague
|
0-0: Ball 1-0: Ball 2-0: Foul Ball, location: 2F 2-1: Fly out, F7 (Flyball, 78D)
|
Bottom of the 4th over - 3 run(s), 4 hit(s), 0 error(s), 2 left on base; Mississippi 1 - Iowa State 6 |
TOP OF THE 5TH |
Mississippi Rebels batting - Pitching for Iowa State Cyclones : RHP Eric Murphy
|
Batting: RHB Warren Owens
|
0-0: Foul Ball, location: 2F 0-1: Called Strike 0-2: Ball 1-2: Ball 2-2: Ball 3-2: Ground out U3 (Groundball, 3)
|
Batting: RHB Owen Parra
|
0-0: Ground out 6-3 (Groundball, 6)
|
Batting: SHB Jack Hendrix
|
0-0: Foul Ball, location: 2F 0-1: Fly out, F6 (Line Drive, 6)
|
Top of the 5th over - 0 run(s), 0 hit(s), 0 error(s), 0 left on base; Mississippi 1 - Iowa State 6 |
BOTTOM OF THE 5TH |
Iowa State Cyclones batting - Pitching for Mississippi Rebels : LHP Juan Méndez
|
Pitching: RHP Jim Major
|
|
Batting: RHB José Acuña
|
0-0: Ball 1-0: Ground out 5-3 (Groundball, 5)
|
Batting: RHB Russell Cook
|
0-0: Ball 1-0: Called Strike 1-1: SINGLE (Groundball, 6MD)
|
Batting: SHB Dan Stone
|
0-0: Ground out U3 (Groundball, 34S) Russell Cook to second
|
Batting: RHB Shane Marshall
|
0-0: Called Strike 0-1: Foul Ball, location: 2F 0-2: Foul Ball, location: 2F 0-2: Strikes out swinging
|
Bottom of the 5th over - 0 run(s), 1 hit(s), 0 error(s), 1 left on base; Mississippi 1 - Iowa State 6 |
TOP OF THE 6TH |
Mississippi Rebels batting - Pitching for Iowa State Cyclones : RHP Eric Murphy
|
Batting: RHB Rafael Gonzáles
|
0-0: Called Strike 0-1: Ball 1-1: Foul Ball, location: 2F 1-2: Ball 2-2: Foul Ball, location: 2F 2-2: SOLO HOME RUN (Flyball, 7LD), Distance : 329 ft
|
Pitching: RHP Samuel Simmons
|
|
Batting: LHB Ryan Miller
|
0-0: Foul Ball, location: 2F 0-1: Ball 1-1: Swinging Strike 1-2: Ball 2-2: Strikes out swinging
|
Batting: RHB Lou Hammond
|
0-0: Foul Ball, location: 2F 0-1: Ball 1-1: Foul Ball, location: 2F 1-2: Fly out, F1 (Line Drive, 15S)
|
Batting: RHB Jason McIntosh
|
0-0: Ball 1-0: Called Strike 1-1: Fly out, F8 (Flyball, 8LD)
|
Top of the 6th over - 1 run(s), 1 hit(s), 0 error(s), 0 left on base; Mississippi 2 - Iowa State 6 |
BOTTOM OF THE 6TH |
Iowa State Cyclones batting - Pitching for Mississippi Rebels : RHP Jim Major
|
Batting: RHB Robert Snyder
|
0-0: Foul Ball, location: 2F 0-1: Called Strike 0-2: Fly out, F9 (Line Drive, 9S)
|
Batting: LHB Mike O'Bryan
|
0-0: Called Strike 0-1: Ball 1-1: Foul Ball, location: 2F 1-2: Ball 2-2: Ball 3-2: Fly out, F4 (Line Drive, 4)
|
Batting: LHB Ángel Pérez
|
0-0: Called Strike 0-1: Swinging Strike 0-2: Strikes out looking
|
Bottom of the 6th over - 0 run(s), 0 hit(s), 0 error(s), 0 left on base; Mississippi 2 - Iowa State 6 |
TOP OF THE 7TH |
Mississippi Rebels batting - Pitching for Iowa State Cyclones : RHP Samuel Simmons
|
Batting: RHB Simon Lee
|
0-0: Ball 1-0: Ground out 5-3 (Groundball, 56)
|
Batting: RHB John Eaves
|
0-0: Called Strike 0-1: Hit by Pitch
|
Batting: RHB Warren Owens
|
0-0: Foul Ball, location: 2F 0-1: Swinging Strike 0-2: Ball 1-2: Strikes out looking
|
Batting: RHB Owen Parra
|
0-0: Ball 1-0: Ball 2-0: Ball 3-0: Base on Balls John Eaves to second
|
Batting: SHB Jack Hendrix
|
0-0: Ball 1-0: Called Strike 1-1: Ball 2-1: Fielders Choice at 2nd, 4-6 (Groundball, 4)
|
Top of the 7th over - 0 run(s), 0 hit(s), 0 error(s), 1 left on base; Mississippi 2 - Iowa State 6 |
BOTTOM OF THE 7TH |
Iowa State Cyclones batting - Pitching for Mississippi Rebels : RHP Jim Major
|
Batting: RHB Paco Camacho
|
0-0: Ball 1-0: Ball 2-0: Ball 3-0: Base on Balls
|
Batting: RHB Paul Teague
|
0-0: Sac Bunt - play at first, batter safe! Paco Camacho to second
|
Batting: RHB José Acuña
|
0-0: Ball 1-0: Fly out, F8 (Flyball, 8LD) Runner from 2nd tags up, SAFE at 3rd, no throw
|
Batting: RHB Russell Cook
|
0-0: Ball 1-0: Called Strike 1-1: Ball 2-1: Swinging Strike 2-2: Reached on error, E1 (Groundball, 13S) Paco Camacho scores Paul Teague to second
|
Batting: SHB Dan Stone
|
0-0: Called Strike 0-1: Grounds into double play, 6-4-3 (Groundball, 6)
|
Bottom of the 7th over - 1 run(s), 1 hit(s), 1 error(s), 1 left on base; Mississippi 2 - Iowa State 7 |
TOP OF THE 8TH |
Mississippi Rebels batting - Pitching for Iowa State Cyclones : RHP Samuel Simmons
|
Batting: RHB Rafael Gonzáles
|
0-0: Fly out, F8 (Line Drive, 8LM)
|
Batting: LHB Ryan Miller
|
0-0: Called Strike 0-1: Swinging Strike 0-2: Ball 1-2: Foul Ball, location: 2F 1-2: Ball 2-2: Strikes out swinging
|
Batting: RHB Lou Hammond
|
0-0: Called Strike 0-1: DOUBLE (Line Drive, 78M)
|
Batting: RHB Jason McIntosh
|
0-0: Called Strike 0-1: Foul Ball, location: 2F 0-2: Strikes out swinging
|
Top of the 8th over - 0 run(s), 1 hit(s), 0 error(s), 1 left on base; Mississippi 2 - Iowa State 7 |
BOTTOM OF THE 8TH |
Iowa State Cyclones batting - Pitching for Mississippi Rebels : RHP Jim Major
|
Batting: RHB Shane Marshall
|
0-0: Called Strike 0-1: Ball 1-1: Ground out 6-3 (Groundball, 6M)
|
Batting: RHB Robert Snyder
|
0-0: Ball 1-0: Ball 2-0: Called Strike 2-1: Ball 3-1: Base on Balls
|
Pitching: RHP Chris Roy
|
|
Batting: LHB Mike O'Bryan
|
0-0: Called Strike 0-1: Ball 1-1: Ball 2-1: Ball 3-1: Foul Ball, location: 2F 3-2: Base on Balls Robert Snyder to second
|
Batting: LHB Ángel Pérez
|
0-0: Called Strike 0-1: Called Strike 0-2: SINGLE (Line Drive, 9S) Robert Snyder to third Mike O'Bryan to second
|
Batting: RHB Paco Camacho
|
0-0: Called Strike 0-1: Grounds into fielders choice 1-2 (Groundball, 13) Mike O'Bryan to third Ángel Pérez to second
|
Batting: RHB Paul Teague
|
0-0: Called Strike 0-1: Foul Ball, location: 2F 0-2: Ball 1-2: Fielders Choice at 2nd, 6-4 (Groundball, 6)
|
Bottom of the 8th over - 0 run(s), 1 hit(s), 0 error(s), 2 left on base; Mississippi 2 - Iowa State 7 |
TOP OF THE 9TH |
Mississippi Rebels batting - Pitching for Iowa State Cyclones : RHP Samuel Simmons
|
Batting: RHB Simon Lee
|
0-0: Swinging Strike 0-1: Swinging Strike 0-2: Foul Ball, location: 2F 0-2: Ball 1-2: Foul Ball, location: 2F 1-2: Foul Ball, location: 2F 1-2: Strikes out looking
|
Batting: RHB John Eaves
|
0-0: Called Strike 0-1: Ball 1-1: Foul Ball, location: 2F 1-2: Ball 2-2: Ball 3-2: Base on Balls
|
Pitching: LHP Tom Martin
|
|
Batting: RHB Warren Owens
|
0-0: Ball 1-0: Ball 2-0: Ball 3-0: Base on Balls John Eaves to second
|
Batting: RHB Owen Parra
|
0-0: Ball 1-0: Ball 2-0: Fly out, F6 (Line Drive, 6)
|
Batting: SHB Jack Hendrix
|
0-0: Ball 1-0: Foul Ball, location: 2F 1-1: Ball 2-1: Ball 3-1: Base on Balls John Eaves to third Warren Owens to second
|
Pitching: RHP Tom Thomas
|
|
Batting: RHB Rafael Gonzáles
|
0-0: Called Strike 0-1: Ball 1-1: Foul Ball, location: 2F 1-2: Strikes out looking
|
Top of the 9th over - 0 run(s), 0 hit(s), 0 error(s), 3 left on base; Mississippi 2 - Iowa State 7 |
|